 Dungeon Crawl Stone Soup version 0.22-a0-425-g89d60a11d8 (webtiles) character file.

607 RedPan the Magician (level 7, -4/48 HPs)
             Began as a Mummy Fire Elementalist on May 24, 2018.
             Was an Initiate of Sif Muna.
             Killed from afar by an orc wizard (12 damage)
             ... with a puff of flame
             ... on level 4 of the Dungeon.
             The game lasted 00:10:49 (4606 turns).

RedPan the Magician (Mummy Fire Elementalist)       Turns: 4606, Time: 00:10:49

Health: -4/48      AC:  2    Str: 11    XL:     7   Next: 19%
Magic:  0/14       EV: 14    Int: 16    God:    Sif Muna [......]
Gold:   189        SH:  0    Dex: 13    Spells: 1/16 levels left

rFire    x . .     SeeInvis .   i - +1 dagger (elec)
rCold    + . .     Gourm    .   (no shield)
rNeg     + + +     Faith    .   a - +0 robe
rPois    ∞         Spirit   .   h - -1 helmet
rElec    .         Reflect  .   (no cloak)
rCorr    +         Harm     .   (no gloves)
MR       .....                  (no boots)
Stlth    ++........             m - amulet of regeneration
HPRegen  0.56/turn              b - ring of resist corrosion
MPRegen  0.14/turn              (no ring)

@: about to teleport
A: no food or potions, fire vulnerability, cold resistance 1, negative energy
resistance 3, torment resistance, unbreathing
a: Renounce Religion


You were on level 4 of the Dungeon.
You worshipped Sif Muna.
Sif Muna was noncommittal.
You were not hungry.

You visited 1 branch of the dungeon, and saw 4 of its levels.

You collected 189 gold pieces.

Inventory:

Hand Weapons
 c - a +0 dagger
 f - a +2 mace of crushing
 i - a +1 dagger of electrocution (weapon)
Armour
 a - a +0 robe (worn)
 h - a -1 helmet (worn)
Jewellery
 b - a ring of resist corrosion (left hand)
 m - an amulet of regeneration (around neck)
Wands
 g - a wand of random effects (32)
Scrolls
 d - 2 scrolls of teleportation
 e - a scroll of fear
 l - a scroll of amnesia


   Skills:
 + Level 1.2 Fighting
 + Level 4.0 Dodging
 - Level 1.5 Stealth
 - Level 5.0 Spellcasting
 + Level 3.3 Conjurations
 + Level 3.2 Fire Magic


You had one spell level left.
You knew the following spells:

 Your Spells              Type           Power        Failure   Level  Hunger
a - Flame Tongue          Conj/Fire      ##...        4%          1    N/A
b - Throw Flame           Conj/Fire      ##....       6%          2    N/A
c - Conjure Flame         Conj/Fire      ##......     12%         3    N/A
d - Sticky Flame          Conj/Fire      ##......     36%         4    N/A
e - Fireball              Conj/Fire      ##........   73%         5    N/A

Your spell library contained the following spells:

 Spells                   Type           Power        Failure   Level  Hunger
 Inner Flame              Hex/Fire       #.......     24%         3    N/A

Dungeon Overview and Level Annotations

Branches:
Dungeon (4/15)
 Temple: D:4-7

Altars:
Elyvilon
Sif Muna
Zin

Shops:
D:4 [


Innate Abilities, Weirdness & Mutations

You do not eat or drink.
Your flesh is vulnerable to fire.
You are immune to poison.
Your flesh is cold resistant. (rC+)
You are immune to negative energy. (rN+++)
You are immune to unholy pain and torment.
You can survive without breathing.


Message History

Press: ? - help, Shift-Dir - straight line, f - orc priest
Aim: an orc priest, wielding a dagger (severely wounded)
The flame tongue hits the orc priest.
You kill the orc priest!
Sif Muna accepts your kill.
You hear some strange, mumbled words.
A puff of frost appears from out of thin air!
The puff of frost misses you.
Your magical contamination has completely faded away.
Casting: Flame Tongue (safe; 4% risk of failure)
Confirm with . or Enter, or press ? or * to list all spells.
You can't see any susceptible monsters within range! (Use Z to cast anyway.)
Casting: Flame Tongue (safe; 4% risk of failure)
Confirm with . or Enter, or press ? or * to list all spells.
Aiming: Flame Tongue (safe; 4% risk of failure)
Press: ? - help, Shift-Dir - straight line You hear some strange, mumbled words.
A puff of flame appears from out of thin air!
The puff of flame hits you! The fire burns you terribly!
You die...

.....#####...........^##.####
.(#### ###................#
..# ##.........).#.....# ..#
#..#.........#.....# ..#
######.##...............#
..###......###.......###....#
[..(..####............##....#
....#......##.........#######
...####..####>..@.....#
.#..##..........{)....#
.#..##.##.............#
.#...#.##............##
.##..#.##...........##
..............!.#####
.##.#...#.......# .
#.....#.......###
#...............#


There were no monsters in sight!

Vanquished Creatures
  A water moccasin (D:3)
  A bullfrog (D:3)
  An orc priest (D:4)
  Jessica (D:3)
  Natasha (thrice) (D:2)
  3 worker ants
  An orc wizard (D:4)
  A worker ant zombie (D:4)
  Robin (D:3)
  4 gnolls (D:3)
  6 adders
  3 oozes
  A worm (D:2)
  3 dart slugs
  A leopard gecko (D:3)
  5 orcs
  A ball python (D:2)
  6 giant cockroaches
  14 goblins
  8 hobgoblins
  3 jackals (D:1)
  A quokka (D:3)
  5 bats
  5 frilled lizards
  4 kobolds
  A quokka skeleton (D:4)
  6 rats
90 creatures vanquished.

Vanquished Creatures (others)
  A bat (D:2)
  A quokka (D:2)
  A rat (D:2)
3 creatures vanquished.

Grand Total: 93 creatures vanquished

Notes
Turn   | Place    | Note
-------+----------+-------------------------------------------
     0 | D:1      | RedPan the Mummy Fire Elementalist began the quest for the Orb.
     0 | D:1      | Reached XP level 1. HP: 13/13 MP: 4/4
    47 | D:1      | Reached skill level 1 in Conjurations
   206 | D:1      | Reached XP level 2. HP: 17/19 MP: 2/5
   489 | D:1      | Learned a level 2 spell: Throw Flame
   806 | D:2      | Found a white marble altar of Elyvilon.
   820 | D:2      | Reached XP level 3. HP: 24/24 MP: 4/7
  1263 | D:2      | Reached skill level 3 in Spellcasting
  1423 | D:2      | Noticed Natasha
  1425 | D:2      | Killed Natasha
  1425 | D:2      | Reached XP level 4. HP: 25/30 MP: 4/8
  1430 | D:2      | Learned a level 3 spell: Conjure Flame
  1792 | D:2      | Noticed Natasha
  1800 | D:2      | Killed Natasha
  1852 | D:2      | Noticed Natasha
  1971 | D:2      | Killed Natasha
  1971 | D:2      | Reached XP level 5. HP: 35/35 MP: 6/10
  2166 | D:3      | Reached skill level 4 in Spellcasting
  2665 | D:3      | Reached XP level 6. HP: 41/41 MP: 8/12
  2754 | D:3      | Learned a level 4 spell: Sticky Flame
  2771 | D:3      | Noticed Jessica
  2792 | D:3      | Killed Jessica
  2832 | D:3      | Noticed a water moccasin
  2845 | D:3      | Killed a water moccasin
  3147 | D:3      | Noticed Robin
  3187 | D:3      | Killed Robin
  3581 | D:3      | Reached skill level 5 in Spellcasting
  3614 | D:3      | Learned a level 5 spell: Fireball
  3825 | D:3      | Found a glowing silver altar of Zin.
  3832 | D:3      | Found a deep blue altar of Sif Muna.
  3840 | D:3      | Became a worshipper of Sif Muna the Loreminder
  4100 | D:4      | Reached XP level 7. HP: 41/47 MP: 5/14
  4192 | D:4      | Found Xienar's Armour Boutique.
  4513 | D:4      | Reached skill level 1 in Fighting
  4606 | D:4      | Killed from afar by an orc wizard

Vault maps used:
D:1:      eino_arrival_tree_alley, dk_noncrumbling_3
D:2:      minivault_23, elyvilon_altar_4, uniq_natasha
D:3:      kennysheep_six_static_rooms, minitemple, uniq_jessica, uniq_robin
D:4:      kennysheep_little_box, serial_shops, shop

Skill      XL: |  1  2  3  4  5  6  7 |
---------------+----------------------+-----
Conjurations   | 1 2 3 |  3.3
Dodging        | 2 3 4 |  4.0
Spellcasting   | 3 4 5 |  5.0
Fire Magic     | 3 |  3.2
Fighting       | 1 |  1.2
Stealth        | |  1.5

Action                   |  1- 3 |  4- 6 |  7- 9 || total
-------------------------+-------+-------+-------++-------
Melee: Dagger            |    13 |    14 |     9 ||    36
 Cast: Flame Tongue      |    58 |   124 |    28 ||   210
       Throw Flame       |       |     3 |    10 ||    13
       Conjure Flame     |       |     1 |       ||     1
  Use: Scroll            |     1 |     5 |     5 ||    11
Armor: Robe              |     4 |    12 |     1 ||    17
Dodge: Dodged            |    21 |    41 |    15 ||    77

Table legend:
 A = Spawn XP
 B = Non-spawn XP
 C = Spawn XP percentage of total XP
 D = Spawn monster count
 E = Non-spawn monster count
 F = Spawn count percentage of total count
 G = Total turns spent on level
                    A         B        C        D         E        F      G
               +---------+---------+-------+---------+---------+-------+---------
         Total |       0 |     868 |   0.0 |       0 |      90 |   0.0 |  4606
               +---------+---------+-------+---------+---------+-------+---------
           D:1 |       0 |      37 |   0.0 |       0 |      19 |   0.0 |   982
           D:2 |       0 |     164 |   0.0 |       0 |      18 |   0.0 |  1268
           D:3 |       0 |     485 |   0.0 |       0 |      42 |   0.0 |  1787
           D:4 |       0 |     182 |   0.0 |       0 |      11 |   0.0 |   569
               +---------+---------+-------+---------+---------+-------+---------
